 Dungeon Crawl Stone Soup version 0.26-a0-712-ga5a9c9c9d0 (webtiles) character file.

Game seed: 7622993654566136204

299 kae the Insei (level 6, 0/37 HPs)
             Began as a Tengu Transmuter on Nov 12, 2020.
             Was an Initiate of Makhleb.
             Killed from afar by an orc wizard (7 damage)
             ... with a magic dart
             ... on level 4 of the Dungeon.
             The game lasted 00:01:58 (4405 turns).

kae the Insei (Tengu Transmuter)                    Turns: 4405, Time: 00:01:59

Health: 0/37       AC:  3    Str: 12    XL:     6   Next: 36%
Magic:  10/10      EV: 15    Int: 14    God:    Makhleb [......]
Gold:   235        SH:  0    Dex: 14    Spells: 5/9 levels left

rFire    . . .     SeeInvis .     - Unarmed
rCold    . . .     Faith    .   (no shield)
rNeg     . . .     Spirit   .   a - +0 robe
rPois    .         Reflect  .   (helmet restricted)
rElec    .         Harm     .   p - +0 cloak
rCorr    .         Rampage  .   (no gloves)
MR       .....                  (boots unavailable)
Stlth    +.........             (no amulet)
HPRegen  0.12/turn              (no ring)
MPRegen  0.12/turn              (no ring)

@: flying quickly and evasively, quick
A: beak, talons 3, able to fly
a: Stop Flying, Renounce Religion


You were on level 4 of the Dungeon.
You worshipped Makhleb.
Makhleb was noncommittal.
You visited 1 branch of the dungeon, and saw 4 of its levels.

You collected 235 gold pieces.

Inventory:

Armour
 a - a +0 robe (worn)
 p - a +0 cloak (worn)
Jewellery
 c - an uncursed amulet of regeneration {unknown}
 e - an uncursed ring of resist corrosion {unknown}
 j - an uncursed ring of wizardry {unknown}
 o - an uncursed ring of resist corrosion {unknown}
 w - an uncursed ring of wizardry {unknown}
Wands
 h - a wand of acid (6)
Scrolls
 b - 3 scrolls of immolation {unknown}
 i - a scroll of teleportation {unknown}
 k - 2 scrolls of remove curse {unknown}
 l - a scroll of fear {unknown}
 n - 5 scrolls of identify {unknown}
 q - 2 scrolls of enchant armour {unknown}
 u - a scroll of blinking {unknown}
 v - a scroll of amnesia {unknown}
Potions
 d - a potion of heal wounds {unknown}
 f - 4 potions of curing {unknown}
 g - 2 potions of stabbing {unknown}
 m - a potion of cancellation {unknown}
 r - 3 potions of might {unknown}
 s - a potion of flight {unknown}
 t - a potion of lignification {unknown}
 x - a potion of magic {unknown}


   Skills:
 + Level 3.1 Fighting
 - Level 2.1 Dodging
 + Level 4.7 Unarmed Combat
 - Level 2.0 Spellcasting
 * Level 4.0 Transmutations


You had 5 spell levels left.
You knew the following spells:

 Your Spells              Type           Power        Failure   Level
a - Beastly Appendage     Tmut           ##....       4%          1
b - Spider Form           Tmut/Pois      #.........   30%         3

Your spell library contained the following spells:

 Spells                   Type           Power        Failure   Level
 Wereblood                Tmut           ##......     7%          2
 Ice Form                 Ice/Tmut       #.......     71%         4
 Blade Hands              Tmut           ##........   77%         5


Dungeon Overview and Level Annotations

Branches:
Dungeon (4/15)
 Temple: D:4-7

Altars:
Ashenzari
Dithmenos
Elyvilon
Hepliaklqana
Makhleb
Qazlal
Sif Muna
Uskayaw
Vehumet


Innate Abilities, Weirdness & Mutations

You have a beak for a mouth.
You have claws for feet.
You can fly continuously.


Message History

You closely miss the orc wizard. Your kick misses the orc wizard.
You peck the orc wizard, but do no damage.
The orc wizard is severely wounded.
The orc wizard closely misses you.
You hit the orc wizard but do no damage.
You claw the orc wizard, but do no damage.
The orc wizard is severely wounded.
The orc wizard barely misses you. The orc wizard misses you.
You barely miss the orc wizard. You claw the orc wizard.
The orc wizard is almost dead.
The orc wizard looks encouraged for a moment.
You closely miss the orc wizard.
The orc wizard is almost dead.
The orc wizard hits you with a +0 dagger.
* * * LOW HITPOINT WARNING * * *
You barely miss the orc wizard.
The orc wizard is almost dead.
The orc wizard casts a spell at you. The magic dart hits you!
You die...

# # # # # ### #
########## .... #
#........# .....
####........######......
............'...@o[.....
............######......
####........#### .....
#..............# ....
...............# ...
#####+####.....# ..
......# #......# .
####### #......# #..#
..#######..###.### #..#


You could see an orc wizard (fast).

Vanquished Creatures
  A howler monkey (D:4)
  Crazy Yiuf (D:2)
  Terence (D:2)
  2 orc wizards (D:4)
  6 adders
  2 adder skeletons (D:4)
  A worm (D:3)
  3 dart slugs (D:1)
  A leopard gecko (D:2)
  4 orcs (D:4)
  2 ball pythons
  4 giant cockroaches
  7 goblins
  6 hobgoblins
  9 jackals
  3 quokkas
  10 bats
  2 frilled lizards
  8 kobolds
  8 rats
81 creatures vanquished.

Vanquished Creatures (others)
  6 plants (D:2)
6 creatures vanquished.

Grand Total: 87 creatures vanquished

Notes
Turn   | Place    | Note
-------+----------+-------------------------------------------
     0 | D:1      | kae the Tengu Transmuter began the quest for the Orb.
     0 | D:1      | Reached XP level 1. HP: 12/12 MP: 4/4
   380 | D:1      | Reached XP level 2. HP: 13/16 MP: 4/6
   780 | D:1      | Reached XP level 3. HP: 19/20 MP: 7/7
   785 | D:1      | Learned a level 3 spell: Spider Form
  1690 | D:2      | Reached XP level 4. HP: 22/26 MP: 6/8
  1958 | D:2      | Noticed Terence
  1976 | D:2      | Killed Terence
  2227 | D:2      | Found a runed translucent door.
  2228 | D:2      | Noticed Crazy Yiuf
  2394 | D:2      | Gained mutation: You can fly continuously. [Tengu growth]
  2394 | D:2      | Reached XP level 5. HP: 24/31 MP: 2/9
  2607 | D:2      | Found a hazy altar of Hepliaklqana.
  2615 | D:2      | Found a radiant altar of Vehumet.
  2616 | D:2      | Found a stormy altar of Qazlal.
  2624 | D:2      | Found a hide-covered altar of Uskayaw.
  2662 | D:2      | Found a burning altar of Makhleb.
  2986 | D:2      | Killed Crazy Yiuf
  3288 | D:3      | Found a faded altar of an unknown god.
  3288 | D:3      | Found a shadowy altar of Dithmenos.
  3293 | D:3      | Found a faded altar of an unknown god.
  3296 | D:3      | Found a broken altar of Ashenzari.
  3298 | D:3      | Found a shimmering blue altar of Sif Muna.
  3887 | D:2      | Became a worshipper of Makhleb the Destroyer
  4025 | D:4      | Reached XP level 6. HP: 12/36 MP: 10/10
  4277 | D:4      | Found a white marble altar of Elyvilon.
  4405 | D:4      | Killed from afar by an orc wizard

Illustrated notes

Levels and vault maps discovered:
D:1:      psy_arrival_statuary, layout_loops_ring, kennysheep_small_spiral
D:2:      layout_rooms, minitemple, lemuel_crystal_altar, serial_forest,
          infiniplex_forest_lined_3, infiniplex_forest_fountain,
          infiniplex_forest_lined_3_way, infiniplex_forest_clump_large,
          infiniplex_forest_clump_tiny, infiniplex_forest_lined_3,
          infiniplex_forest_corner_1, kennysheep_generic_room_14, uniq_terence,
          uniq_crazy_yiuf_cottage
D:3:      layout_loops_ring, chequers_temple_overflow_minitemple
D:4:      layout_basic, nicolae_overflow_crystal_walls

Skill      XL: |  1  2  3  4  5  6 |
---------------+-------------------+-----
Transmutations | 2 3 4 |  4.0
Fighting       | 2 3 |  3.1
Unarmed Combat | 4 |  4.7
Dodging        | |  2.1
Spellcasting   | |  2.0

Action                   |  1- 3 |  4- 6 || total
-------------------------+-------+-------++-------
Melee: Unarmed           |    74 |   160 ||   234
       Kick              |    15 |    28 ||    43
       Peck              |     3 |    19 ||    22
       Punch             |     2 |     1 ||     3
       Headbutt          |     4 |     2 ||     6
 Cast: Beastly Appendage |    13 |     8 ||    21
       Spider Form       |       |     3 ||     3
 Abil: End Transformatio |       |     1 ||     1
       Fly               |       |     1 ||     1
 Stab: Sleeping          |       |     3 ||     3
Armor: Robe              |    15 |    23 ||    38
Dodge: Dodged            |    49 |   107 ||   156

Table legend: (Time is in decaauts)
 A = Elapsed time spent in this place.
 B = Non-inter-level travel time spent in this place.
 C = Inter-level travel time spent in this place.
 D = Time resting spent in this place.
 E = Time spent auto-exploring this place.
 F = Levels seen in this place.
 G = Mean time per level.
                   A        B        C        D        E       F      G
               +--------+--------+--------+--------+--------+-----+--------+
         Total |   4267 |   4123 |    144 |    191 |   3429 |   4 | 1066.8 |
       Dungeon |   4267 |   4123 |    144 |    191 |   3429 |   4 | 1066.8 |
               +--------+--------+--------+--------+--------+-----+--------+

Top non-repeatable levels by time:
     D:2: 1766 daAuts
     D:1: 1430 daAuts
     D:3: 620 daAuts
     D:4: 450 daAuts
